[Event "ESTCC 50 2019"]
[Site "Mali Losinj"]
[Date "2019.09.20"]
[Round "3.16"]
[White "Ernst, Michael"]
[Black "Nelson, Jonathan P"]
[Result "1/2-1/2"]
[ECO "A48"]
[WhiteElo "2199"]
[BlackElo "2183"]
[Annotator "NA"]
[PlyCount "34"]
[EventDate "2019.09.18"]
[EventType "team-tourn"]
[EventCountry "CRO"]
[SourceTitle "playchess.com"]
[Source "ChessBase"]
[SourceQuality "1"]
[WhiteTeam "Austria"]
[BlackTeam "England"]
[WhiteTeamCountry "AUT"]
[BlackTeamCountry "ENG"]
[TimeControl "40/5400+30:1800+30"]

1. d4 Nf6 2. Bf4 g6 3. Nf3 Bg7 4. h3 O-O 5. e3 d6 6. Be2 Nfd7 7. O-O e5 8. Bh2 Nc6 9. c4 h6 10. Nc3 f5 11. dxe5 dxe5 12. Qd5+ Kh7 13. Rfd1 Qe7 14. Qd2 Qf7 15. Qd5 Qe7 16. Qd2 Qf7 17. Qd5 Qe7 1/2-1/2

[Event "ESTCC 50 2019"]
[Site "Mali Losinj"]
[Date "2019.09.20"]
[Round "3.17"]
[White "Jackson, Sheila"]
[Black "Krebs, Johann"]
[Result "0-1"]
[ECO "A35"]
[WhiteElo "2046"]
[BlackElo "2226"]
[Annotator "NA"]
[PlyCount "62"]
[EventDate "2019.09.18"]
[EventType "team-tourn"]
[EventCountry "CRO"]
[SourceTitle "playchess.com"]
[Source "ChessBase"]
[SourceQuality "1"]
[WhiteTeam "England"]
[BlackTeam "Austria"]
[WhiteTeamCountry "ENG"]
[BlackTeamCountry "AUT"]
[TimeControl "40/5400+30:1800+30"]

1. e4 c6 2. d4 d5 3. exd5 cxd5 4. c4 Nf6 5. Nc3 Nc6 6. Nf3 g6 7. cxd5 Nxd5 8. Qb3 Nxc3 9. bxc3 Bg7 10. Be2 O-O 11. Ba3 Qc7 12. O-O Be6 13. Qb5 Rfd8 14. Rfd1 Bd5 15. Rab1 Rac8 16. Rd2 b6 17. Qa4 Na5 18. Ba6 Nc4 19. Bxc4 Bxc4 20. Re1 e6 21. Bb2 Rd5 22. a3 Rb5 23. Qc2 Bh6 24. Re3 Bd5 25. Rdd3 Bb3 26. Qc1 Bc4 27. Rd1 Be2 28. Re1 Bxf3 29. gxf3 Rh5 30. Kf1 Rxh2 31. Ke2 Qc4+ 0-1

[Event "ESTCC 50 2019"]
[Site "Mali Losinj"]
[Date "2019.09.20"]
[Round "3.18"]
[White "Wegerer, Fred"]
[Black "Mashayekh, Majid"]
[Result "1-0"]
[ECO "D35"]
[WhiteElo "2171"]
[BlackElo "1875"]
[Annotator "NA"]
[PlyCount "69"]
[EventDate "2019.09.18"]
[EventType "team-tourn"]
[EventCountry "CRO"]
[SourceTitle "playchess.com"]
[Source "ChessBase"]
[SourceQuality "1"]
[WhiteTeam "Austria"]
[BlackTeam "England"]
[WhiteTeamCountry "AUT"]
[BlackTeamCountry "ENG"]
[TimeControl "40/5400+30:1800+30"]

1. c4 Nf6 2. g3 e6 3. Bg2 d5 4. Nf3 Be7 5. d4 O-O 6. cxd5 exd5 7. Nc3 c6 8. Qc2 Bg4 9. O-O Qc8 10. Bf4 Nh5 11. Bd2 Na6 12. Rac1 Bh3 13. Qb3 Nc7 14. Bxh3 Qxh3 15. Qxb7 Bd6 16. Qxc6 Rad8 17. Nb5 Nxb5 18. Qxb5 Bb8 19. Qd3 h6 20. Ne1 Nf6 21. Bf4 Bxf4 22. gxf4 Qg4+ 23. Ng2 Rfe8 24. Rc2 Rb8 25. Rfc1 Re7 26. Qg3 Rxe2 27. Qxg4 Rxc2 28. Qd1 Rcxb2 29. Ne3 Rxa2 30. Rc2 Ra3 31. Qc1 Rab3 32. Rc8+ Kh7 33. Rxb8 Rxb8 34. Kg2 Rb4 35. Qc5 1-0

[Event "ESTCC 50 2019"]
[Site "Mali Losinj"]
[Date "2019.09.20"]
[Round "3.19"]
[White "Wood, Peter R"]
[Black "Kainz, Josef"]
[Result "1/2-1/2"]
[ECO "B25"]
[WhiteElo "1884"]
[BlackElo "1922"]
[Annotator "NA"]
[PlyCount "97"]
[EventDate "2019.09.18"]
[EventType "team-tourn"]
[EventCountry "CRO"]
[SourceTitle "playchess.com"]
[Source "ChessBase"]
[SourceQuality "1"]
[WhiteTeam "England"]
[BlackTeam "Austria"]
[WhiteTeamCountry "ENG"]
[BlackTeamCountry "AUT"]
[TimeControl "40/5400+30:1800+30"]

1. e4 c5 2. Nc3 Nc6 3. g3 g6 4. Bg2 Bg7 5. d3 d6 6. f4 e6 7. Nf3 Nge7 8. Be3 O-O 9. O-O b5 10. e5 b4 11. Ne4 dxe5 12. fxe5 Nxe5 13. Nxe5 Bxe5 14. Nf6+ Bxf6 15. Rxf6 Nd5 16. Bg5 Nxf6 17. Bxa8 Qd4+ 18. Kg2 Nd5 19. Qd2 Bd7 20. c3 bxc3 21. bxc3 Qxc3 22. Qxc3 Nxc3 23. Bf3 Rb8 24. Bf6 Rb2+ 25. Kg1 Rb1+ 26. Rxb1 Nxb1 27. Be7 Nc3 28. Bxc5 a6 29. a3 e5 30. Kf2 Bb5 31. Ke3 f5 32. Bd6 e4 33. dxe4 Nxe4 34. Bxe4 fxe4 35. Kxe4 Kf7 36. Be5 Ke6 37. Bf4 Bc6+ 38. Kd4 Kf5 39. h4 Kg4 40. Kc5 Bb5 41. Kb6 Kh5 42. a4 Be2 43. Kc5 h6 44. Kb6 g5 45. hxg5 hxg5 46. Bd6 Kg4 47. Be7 Kf5 48. Bd8 g4 49. Bc7 1/2-1/2

[Event "ESTCC 50 2019"]
[Site "Mali Losinj"]
[Date "2019.09.20"]
[Round "3.20"]
[White "Detter, Peter"]
[Black "Denning, Julie L"]
[Result "1-0"]
[ECO "E91"]
[WhiteElo "1982"]
[BlackElo "1629"]
[Annotator "NA"]
[PlyCount "45"]
[EventDate "2019.09.18"]
[EventType "team-tourn"]
[EventCountry "CRO"]
[SourceTitle "playchess.com"]
[Source "ChessBase"]
[SourceQuality "1"]
[WhiteTeam "Austria"]
[BlackTeam "England"]
[WhiteTeamCountry "AUT"]
[BlackTeamCountry "ENG"]
[TimeControl "40/5400+30:1800+30"]

1. d4 Nf6 2. c4 g6 3. Nc3 Bg7 4. e4 d6 5. Nf3 O-O 6. Be2 Nbd7 7. O-O c5 8. d5 Nb6 9. h3 Bd7 10. Bg5 Qc8 11. a4 a5 12. Qd2 Re8 13. Bh6 Bh8 14. Ng5 e6 15. Qf4 exd5 16. cxd5 Qc7 17. Nf3 Nc8 18. Bg5 Nh5 19. Qh4 Ng7 20. Bf6 Nh5 21. Bxh8 Kxh8 22. g4 Nf6 23. Qxf6+ 1-0

[Event "ESTCC 50 2019"]
[Site "Mali Losinj"]
[Date "2019.09.20"]
[Round "3.21"]
[White "Wallace, Paul"]
[Black "Burchardt, Brigitte"]
[Result "1-0"]
[ECO "B99"]
[WhiteElo "2153"]
[BlackElo "2092"]
[Annotator "ChessBase"]
[PlyCount "131"]
[EventDate "2019.09.18"]
[EventType "team-tourn"]
[EventCountry "CRO"]
[SourceTitle "playchess.com"]
[Source "ChessBase"]
[SourceQuality "1"]
[WhiteTeam "IRL"]
[BlackTeam "GER"]
[WhiteTeamCountry "AUS"]
[BlackTeamCountry "GER"]
[TimeControl "40/5400+30:1800+30"]

1. e4 c5 2. Nf3 d6 3. d4 cxd4 4. Nxd4 Nf6 5. Nc3 a6 6. Bg5 Nbd7 7. f4 e6 8. Qf3 Qc7 9. O-O-O Be7 10. Bd3 h6 11. Bh4 Nb6 12. Bf2 Bd7 13. Rhe1 O-O-O 14. Kb1 g6 15. Qe2 Na4 16. Nxa4 Bxa4 17. Bxa6 d5 18. Bb5 Bxb5 19. Nxb5 Qa5 20. exd5 Nxd5 21. Bd4 Rhg8 22. Be5 Rd7 23. c4 Nb6 24. Rxd7 Nxd7 25. Rd1 Nxe5 26. Qxe5 Qb6 27. Nd6+ Bxd6 28. Qxd6 Qxd6 29. Rxd6 Kc7 30. Rd2 g5 31. fxg5 Rxg5 32. Kc2 f5 33. g3 h5 34. Kc3 h4 35. Rd3 hxg3 36. hxg3 e5 37. Kb4 f4 38. gxf4 exf4 39. Rf3 Rg2 40. b3 Rxa2 41. Rxf4 Rh2 42. Rf7+ Kc6 43. Rf6+ Kc7 44. Kb5 Rh5+ 45. c5 Rh3 46. Rf7+ Kb8 47. b4 Rh6 48. Rd7 Kc8 49. Rd6 Rh4 50. Ka5 Rc4 51. Rh6 Kc7 52. Rh7+ Kc8 53. b5 Rxc5 54. Kb6 Rg5 55. Rh8+ Kd7 56. Rb8 Rh5 57. Rxb7+ Kc8 58. Ka7 Rh1 59. Rb8+ Kc7 60. b6+ Kc6 61. Rc8+ Kd7 62. Rc2 Kd6 63. b7 Ra1+ 64. Kb8 Rh1 65. Ra2 Kc6 66. Ka8 1-0

[Event "ESTCC 50 2019"]
[Site "Mali Losinj"]
[Date "2019.09.20"]
[Round "3.22"]
[White "Wagner-Michel, Annett"]
[Black "Cafolla, Peter"]
[Result "0-1"]
[ECO "B30"]
[WhiteElo "2055"]
[BlackElo "1919"]
[Annotator "NA"]
[PlyCount "66"]
[EventDate "2019.09.18"]
[EventType "team-tourn"]
[EventCountry "CRO"]
[SourceTitle "playchess.com"]
[Source "ChessBase"]
[SourceQuality "1"]
[WhiteTeam "Germany"]
[BlackTeam "Ireland"]
[WhiteTeamCountry "GER"]
[BlackTeamCountry "IRL"]
[TimeControl "40/5400+30:1800+30"]

1. e4 c5 2. Nf3 Nc6 3. Bb5 e6 4. O-O Nge7 5. d4 Qb6 6. Bxc6 bxc6 7. dxc5 Qxc5 8. b3 d5 9. Re1 Bb7 10. e5 Qa5 11. c4 Ng6 12. Bd2 Bb4 13. a3 Bxd2 14. Nbxd2 O-O 15. b4 Qd8 16. c5 Bc8 17. Nd4 Qc7 18. N2f3 Bd7 19. g3 Rae8 20. Qe2 f6 21. Rac1 Qb7 22. h4 a6 23. Rc3 fxe5 24. Nxe5 Nxe5 25. Qxe5 Rf6 26. f4 Rf5 27. Qd6 Rf6 28. Re5 Qc8 29. Rce3 Rd8 30. Nxe6 Bxe6 31. Qxd8+ Qxd8 32. f5 Bd7 33. g4 h5 0-1

[Event "ESTCC 50 2019"]
[Site "Mali Losinj"]
[Date "2019.09.20"]
[Round "3.23"]
[White "Lyons, Brendan"]
[Black "Kierzek, Mira"]
[Result "1-0"]
[ECO "A04"]
[WhiteElo "1971"]
[BlackElo "2015"]
[Annotator "NA"]
[PlyCount "67"]
[EventDate "2019.09.18"]
[EventType "team-tourn"]
[EventCountry "CRO"]
[SourceTitle "playchess.com"]
[Source "ChessBase"]
[SourceQuality "1"]
[WhiteTeam "Ireland"]
[BlackTeam "Germany"]
[WhiteTeamCountry "IRL"]
[BlackTeamCountry "GER"]
[TimeControl "40/5400+30:1800+30"]

1. e4 c5 2. Nf3 Nc6 3. d3 d6 4. g3 g6 5. Bg2 Bg7 6. O-O e6 7. c3 Nge7 8. Be3 O-O 9. d4 b6 10. a3 Bb7 11. b4 c4 12. Nbd2 d5 13. e5 h6 14. g4 Kh7 15. h4 Qd7 16. h5 Rae8 17. Bh3 Bc8 18. Kg2 Rg8 19. Rh1 Rh8 20. Qc2 Kg8 21. b5 Nd8 22. g5 Nf5 23. Bxf5 exf5 24. hxg6 hxg5 25. Rxh8+ Bxh8 26. Nxg5 fxg6 27. Ndf3 Nf7 28. Rh1 Nxg5 29. Nxg5 Re7 30. Bf4 Qxb5 31. Qe2 Bf6 32. exf6 Rxe2 33. f7+ Kf8 34. Bd6+ 1-0

[Event "ESTCC 50 2019"]
[Site "Mali Losinj"]
[Date "2019.09.20"]
[Round "3.24"]
[White "Leib, Britta"]
[Black "Salter, David"]
[Result "0-1"]
[ECO "C04"]
[WhiteElo "1883"]
[BlackElo "1882"]
[Annotator "NA"]
[PlyCount "91"]
[EventDate "2019.09.18"]
[EventType "team-tourn"]
[EventCountry "CRO"]
[SourceTitle "playchess.com"]
[Source "ChessBase"]
[SourceQuality "1"]
[WhiteTeam "Germany"]
[BlackTeam "Ireland"]
[WhiteTeamCountry "GER"]
[BlackTeamCountry "IRL"]
[TimeControl "40/5400+30:1800+30"]

1. e4 e6 2. d4 d5 3. Nd2 Nc6 4. Ngf3 Nf6 5. e5 Nd7 6. c3 f6 7. exf6 Qxf6 8. Bb5 Bd6 9. O-O O-O 10. Qe2 e5 11. Bxc6 bxc6 12. dxe5 Nxe5 13. Nxe5 Bxe5 14. Nf3 Bd6 15. Nd4 Bd7 16. Be3 Rae8 17. Qd2 Qe5 18. g3 Qh5 19. f4 Re4 20. Nc2 Rfe8 21. Rfe1 a5 22. Rac1 c5 23. Rcd1 d4 24. cxd4 cxd4 25. Bf2 Re2 26. Qd3 c5 27. Rxe2 Qxe2 28. Qb3+ Be6 29. Qd3 Qxd3 30. Rxd3 Bxa2 31. Ra3 Bc4 32. Rxa5 Re2 33. Na3 Be6 34. Ra6 Be7 35. Kf1 Re4 36. Be1 Kf7 37. Kf2 d3 38. Bc3 Re2+ 39. Kf3 h5 40. f5 Bxf5 41. Kf4 Be6 42. h4 d2 43. Bxd2 Rxd2 44. Rb6 Bf6 45. Nb1 Rd8 46. Ke4 0-1

[Event "ESTCC 50 2019"]
[Site "Mali Losinj"]
[Date "2019.09.21"]
[Round "4.1"]
[White "Kozul, Zdenko"]
[Black "Blatny, Pavel"]
[Result "1-0"]
[ECO "D30"]
[WhiteElo "2569"]
[BlackElo "2325"]
[Annotator "ChessBase"]
[PlyCount "87"]
[EventDate "2019.09.18"]
[EventType "team-tourn"]
[EventCountry "CRO"]
[SourceTitle "playchess.com"]
[Source "ChessBase"]
[SourceQuality "1"]
[WhiteTeam "Croatia"]
[BlackTeam "Czech Republic"]
[WhiteTeamCountry "CRO"]
[BlackTeamCountry "CZE"]
[TimeControl "40/5400+30:1800+30"]

1. d4 d5 2. c4 e6 3. Nf3 c6 4. Nbd2 f5 5. g3 Bd6 6. Bg2 Qf6 7. Rb1 Nh6 8. b4 Nf7 9. b5 g5 10. Qb3 O-O 11. e3 Qe7 12. h4 g4 13. Ng1 Nd7 14. Ne2 Nf6 15. O-O Bd7 16. Rd1 Ne4 17. Nxe4 fxe4 18. Bd2 Rac8 19. bxc6 bxc6 20. Bb4 Qf6 21. Nf4 Rb8 22. Qc3 Bxb4 23. Rxb4 e5 24. Rxb8 Rxb8 25. Ne2 Be6 26. cxd5 Bxd5 27. Qa3 exd4 28. exd4 Qd6 29. Qxa7 Rb2 30. Qa6 Qe6 31. Nf4 Qf5 32. Qa8+ Kg7 33. Qe8 Rxa2 34. Re1 Ra7 35. Bxe4 Bxe4 36. Rxe4 Ra8 37. Qxc6 Rc8 38. Ne6+ Kf6 39. Nc7+ Kg7 40. Rf4 Nd8 41. Qd6 Nf7 42. Qe7 Qb1+ 43. Kh2 Qg6 44. Qd7 1-0

[Event "ESTCC 50 2019"]
[Site "Mali Losinj"]
[Date "2019.09.21"]
[Round "4.2"]
[White "Priehoda, Vitezslav"]
[Black "Zelcic, Robert"]
[Result "1/2-1/2"]
[ECO "D00"]
[WhiteElo "2352"]
[BlackElo "2503"]
[Annotator "ChessBase"]
[PlyCount "89"]
[EventDate "2019.09.18"]
[EventType "team-tourn"]
[EventCountry "CRO"]
[SourceTitle "playchess.com"]
[Source "ChessBase"]
[SourceQuality "1"]
[WhiteTeam "Czech Republic"]
[BlackTeam "Croatia"]
[WhiteTeamCountry "CZE"]
[BlackTeamCountry "CRO"]
[TimeControl "40/5400+30:1800+30"]

1. d4 d5 2. Nf3 a6 3. Nc3 Nf6 4. Bf4 Bf5 5. e3 e6 6. Bd3 Bxd3 7. cxd3 Nbd7 8. O-O Be7 9. h3 O-O 10. Rc1 b6 11. e4 c6 12. Re1 b5 13. Bg5 Rc8 14. e5 Ne8 15. Bxe7 Qxe7 16. Nb1 f5 17. exf6 Rxf6 18. Nbd2 c5 19. dxc5 Rxc5 20. d4 Rxc1 21. Qxc1 Nf8 22. Qc6 Qd7 23. Qxa6 e5 24. Qa8 Nc7 25. Qb7 e4 26. Rc1 Nce6 27. Qxd7 Nxd7 28. Ne5 Nxd4 29. Rc8+ Rf8 30. Rxf8+ Nxf8 31. Nb1 Nfe6 32. Nc3 Nc7 33. Kf1 Kf8 34. Ne2 Nc2 35. Nc6 g6 36. Ned4 Nxd4 37. Nxd4 Ke7 38. Ke2 Kd6 39. b4 Ke5 40. Nc6+ Kd6 41. Nd4 Ke5 42. Ke3 g5 43. Nc6+ Kd6 44. Nd4 Ke5 45. Nc6+ 1/2-1/2

[Event "ESTCC 50 2019"]
[Site "Mali Losinj"]
[Date "2019.09.21"]
[Round "4.3"]
[White "Kurajica, Bojan"]
[Black "Vokac, Marek"]
[Result "1-0"]
[ECO "B07"]
[WhiteElo "2493"]
[BlackElo "2332"]
[Annotator "ChessBase"]
[PlyCount "95"]
[EventDate "2019.09.18"]
[EventType "team-tourn"]
[EventCountry "CRO"]
[SourceTitle "playchess.com"]
[Source "ChessBase"]
[SourceQuality "1"]
[WhiteTeam "Croatia"]
[BlackTeam "Czech Republic"]
[WhiteTeamCountry "CRO"]
[BlackTeamCountry "CZE"]
[TimeControl "40/5400+30:1800+30"]

1. Nf3 g6 2. d4 Bg7 3. e4 d6 4. Bd3 Nf6 5. O-O O-O 6. Re1 Nc6 7. d5 Nb4 8. Bf1 c5 9. c3 Na6 10. h3 e6 11. dxe6 Bxe6 12. Na3 Nc7 13. Bf4 d5 14. exd5 Ncxd5 15. Be5 Nh5 16. Bc4 a6 17. Bxg7 Nxg7 18. Re5 Nb6 19. Bxe6 Nxe6 20. Qe2 Qf6 21. Qe4 Rab8 22. Re1 Rfd8 23. g3 Rd7 24. Kg2 Rbd8 25. Nc2 Nd5 26. c4 Nb4 27. Nxb4 cxb4 28. c5 a5 29. h4 h6 30. h5 g5 31. Rf5 Qxb2 32. Ne5 Nxc5 33. Qe3 Nd3 34. Nxd7 Nxe1+ 35. Qxe1 Qd4 36. Nf6+ Kf8 37. Qe2 b6 38. Qf3 Qd3 39. Nd5 Qxf3+ 40. Kxf3 Rd6 41. Ke4 Rc6 42. Rf6 Rc2 43. Rxh6 Rxa2 44. Rxb6 Rxf2 45. h6 Re2+ 46. Kf5 Re8 47. Kxg5 Ra8 48. Kf6 1-0

[Event "ESTCC 50 2019"]
[Site "Mali Losinj"]
[Date "2019.09.21"]
[Round "4.4"]
[White "Konopka, Michal"]
[Black "Fercec, Nenad"]
[Result "0-1"]
[ECO "E68"]
[WhiteElo "2351"]
[BlackElo "2439"]
[Annotator "NA"]
[PlyCount "96"]
[EventDate "2019.09.18"]
[EventType "team-tourn"]
[EventCountry "CRO"]
[SourceTitle "playchess.com"]
[Source "ChessBase"]
[SourceQuality "1"]
[WhiteTeam "Czech Republic"]
[BlackTeam "Croatia"]
[WhiteTeamCountry "CZE"]
[BlackTeamCountry "CRO"]
[TimeControl "40/5400+30:1800+30"]

1. Nf3 Nf6 2. c4 b6 3. g3 Bb7 4. Bg2 g6 5. O-O Bg7 6. Nc3 O-O 7. Re1 d6 8. e4 e5 9. d4 Nbd7 10. b3 Re8 11. Bb2 Nh5 12. Qd2 Nf8 13. Rad1 Ne6 14. dxe5 dxe5 15. Qc1 Qb8 16. Nd5 c6 17. Nb4 f6 18. Bh3 Bf8 19. Nc2 c5 20. Bg2 Nd4 21. Nd2 Bh6 22. Ne3 Qd6 23. Nd5 f5 24. Qb1 f4 25. Nf3 Bc8 26. Nxd4 cxd4 27. Bf3 Bh3 28. Rd3 fxg3 29. hxg3 Rf8 30. Bc1 Be3 31. Bxe3 Rxf3 32. Bg5 Qf8 33. Qc2 Bg4 34. Qd2 Qf7 35. Bh6 Ng7 36. Bxg7 Kxg7 37. Rxf3 Qxf3 38. Qg5 Re8 39. Qh4 h5 40. Qh1 Qxh1+ 41. Kxh1 Bf3+ 42. Kg1 d3 43. Nc3 d2 44. Ra1 Rd8 45. Nd1 Rd4 46. Kf1 Rxe4 47. Nc3 Rd4 48. Nd1 a5 0-1

[Event "ESTCC 50 2019"]
[Site "Mali Losinj"]
[Date "2019.09.21"]
[Round "4.5"]
[White "Sulc, Damir"]
[Black "Burmakin, Vladimir"]
[Result "1/2-1/2"]
[ECO "B01"]
[WhiteElo "2207"]
[BlackElo "2496"]
[Annotator "ChessBase"]
[PlyCount "61"]
[EventDate "2019.09.18"]
[EventType "team-tourn"]
[EventCountry "CRO"]
[SourceTitle "playchess.com"]
[Source "ChessBase"]
[SourceQuality "1"]
[WhiteTeam "Croatia"]
[BlackTeam "Russia"]
[WhiteTeamCountry "CRO"]
[BlackTeamCountry "RUS"]
[TimeControl "40/5400+30:1800+30"]

1. e4 d5 2. exd5 Qxd5 3. Nc3 Qd6 4. d4 Nf6 5. Nf3 c6 6. Ne5 Nbd7 7. Bf4 Nd5 8. Ne4 Qb4+ 9. c3 Qb6 10. Nc4 Qd8 11. Bg3 N7f6 12. Bd3 Nxe4 13. Bxe4 Nf6 14. Bf3 Be6 15. Qe2 g6 16. O-O Bg7 17. a4 O-O 18. a5 Bd5 19. Rfe1 Bxf3 20. Qxf3 Qd5 21. Qd3 Rfe8 22. Ne5 Nd7 23. c4 Nxe5 24. Bxe5 Qd7 25. Bxg7 Kxg7 26. Rad1 Kg8 27. d5 Rad8 28. Qc2 cxd5 29. Rxd5 Qc7 30. Rxd8 Rxd8 31. Qc3 1/2-1/2

[Event "ESTCC 50 2019"]
[Site "Mali Losinj"]
[Date "2019.09.21"]
[Round "4.6"]
[White "Gleizerov, Evgeny"]
[Black "Dusper, Hrvoje"]
[Result "1-0"]
[ECO "E04"]
[WhiteElo "2503"]
[BlackElo "2221"]
[Annotator "ChessBase"]
[PlyCount "51"]
[EventDate "2019.09.18"]
[EventType "team-tourn"]
[EventCountry "CRO"]
[SourceTitle "playchess.com"]
[Source "ChessBase"]
[SourceQuality "1"]
[WhiteTeam "Russia"]
[BlackTeam "Croatia"]
[WhiteTeamCountry "RUS"]
[BlackTeamCountry "CRO"]
[TimeControl "40/5400+30:1800+30"]

1. d4 d5 2. c4 c6 3. Nf3 Nf6 4. Nc3 e6 5. g3 dxc4 6. Bg2 b5 7. Ne5 a6 8. a4 b4 9. Ne4 Nxe4 10. Bxe4 Bb7 11. Nxc4 Nd7 12. a5 Be7 13. O-O O-O 14. Bg2 Qc8 15. e4 Rd8 16. Bf4 Ra7 17. Rc1 Ba8 18. Nd6 Bxd6 19. Bxd6 Qb7 20. Qb3 Qb5 21. Qxb4 Qxb4 22. Bxb4 Rb7 23. Bc3 Rb3 24. Rfd1 Rdb8 25. Bf1 c5 26. dxc5 1-0

[Event "ESTCC 50 2019"]
[Site "Mali Losinj"]
[Date "2019.09.21"]
[Round "4.7"]
[White "Martic, Zlatko"]
[Black "Yakovich, Yuri"]
[Result "0-1"]
[ECO "B66"]
[WhiteElo "2283"]
[BlackElo "2518"]
[Annotator "ChessBase"]
[PlyCount "82"]
[EventDate "2019.09.18"]
[EventType "team-tourn"]
[EventCountry "CRO"]
[SourceTitle "playchess.com"]
[Source "ChessBase"]
[SourceQuality "1"]
[WhiteTeam "Croatia"]
[BlackTeam "Russia"]
[WhiteTeamCountry "CRO"]
[BlackTeamCountry "RUS"]
[TimeControl "40/5400+30:1800+30"]

1. e4 c5 2. Nf3 d6 3. d4 cxd4 4. Nxd4 Nf6 5. Nc3 Nc6 6. Bg5 e6 7. Qd2 Be7 8. O-O-O Nxd4 9. Qxd4 a6 10. e5 dxe5 11. Qxe5 Bd7 12. Be2 Rc8 13. Rd2 Qc7 14. Qxc7 Rxc7 15. Bf3 Bc6 16. Bf4 Rc8 17. Bxc6+ Rxc6 18. Rhd1 Rxc3 19. bxc3 Ne4 20. Rd7 Ba3+ 21. Kb1 Nxc3+ 22. Ka1 Nxd1 23. Rxd1 Ke7 24. Rb1 b5 25. c4 bxc4 26. Be5 Rd8 27. Rb7+ Kf8 28. Kb1 f6 29. Bc3 Rd1+ 30. Kc2 Rf1 31. Bd4 e5 32. Be3 Ra1 33. Ra7 Rxa2+ 34. Kc3 Bb2+ 35. Kxc4 Bd4 36. Bxd4 exd4 37. Kxd4 Rxf2 38. g3 Rxh2 39. Rxa6 Re2 40. Ra7 Re7 41. Ra5 Kf7 0-1

[Event "ESTCC 50 2019"]
[Site "Mali Losinj"]
[Date "2019.09.21"]
[Round "4.8"]
[White "Ibragimov, Ildar"]
[Black "Tirkajla, Boris"]
[Result "1-0"]
[ECO "A80"]
[WhiteElo "2537"]
[BlackElo "2060"]
[Annotator "ChessBase"]
[PlyCount "40"]
[EventDate "2019.09.18"]
[EventType "team-tourn"]
[EventCountry "CRO"]
[SourceTitle "playchess.com"]
[Source "ChessBase"]
[SourceQuality "1"]
[WhiteTeam "Russia"]
[BlackTeam "Croatia"]
[WhiteTeamCountry "RUS"]
[BlackTeamCountry "CRO"]
[TimeControl "40/5400+30:1800+30"]

1. d4 f5 2. Bf4 Nf6 3. e3 g6 4. h4 h6 5. Nf3 d6 6. Nc3 Bg7 7. Bd3 O-O 8. Qd2 Kh7 9. e4 fxe4 10. Nxe4 Nh5 11. Be3 e5 12. dxe5 dxe5 13. Bc5 Rf4 14. Neg5+ Kh8 15. Qxf4 Qxd3 16. Qf7 Qd7 17. Qxg6 Nf6 18. Nf7+ Kg8 19. Nxh6+ Kh8 20. Ng5 Qd8 1-0

[Event "ESTCC 50 2019"]
[Site "Mali Losinj"]
[Date "2019.09.21"]
[Round "4.9"]
[White "Krebs, Johann"]
[Black "Druckenthaner, Andreas"]
[Result "1/2-1/2"]
[ECO "A80"]
[WhiteElo "2226"]
[BlackElo "2283"]
[Annotator "NA"]
[PlyCount "83"]
[EventDate "2019.09.18"]
[EventType "team-tourn"]
[EventCountry "CRO"]
[SourceTitle "playchess.com"]
[Source "ChessBase"]
[SourceQuality "1"]
[WhiteTeam "Austria"]
[BlackTeam "Austria"]
[WhiteTeamCountry "AUT"]
[BlackTeamCountry "AUT"]
[TimeControl "40/5400+30:1800+30"]

1. d4 f5 2. Nf3 Nf6 3. Bf4 e6 4. e3 d6 5. c4 Nh5 6. Nc3 Be7 7. Bd3 O-O 8. h3 Nxf4 9. exf4 Bf6 10. O-O c5 11. dxc5 dxc5 12. Qd2 Nc6 13. Rfe1 Bd7 14. Rad1 Nd4 15. Nxd4 cxd4 16. Ne2 Qc7 17. Bc2 Rad8 18. Nxd4 Bxd4 19. Qxd4 Ba4 20. Qc3 Bxc2 21. Qxc2 Qxf4 22. Qe2 Rde8 23. Rd7 Rf7 24. Rxf7 Kxf7 25. Qh5+ Kf8 26. Rd1 Qxc4 27. Qxh7 Qc7 28. h4 Qe7 29. Rd3 b6 30. Rg3 Qf6 31. Rg6 Qxb2 32. g3 Qc1+ 33. Kg2 Qc6+ 34. Kh2 Qc3 35. h5 Kf7 36. Rh6 Rg8 37. Rxe6 Kxe6 38. Qxg8+ Ke7 39. Qd5 Qc5 40. Qf3 b5 41. Kh3 Ke6 42. Qf4 1/2-1/2

[Event "ESTCC 50 2019"]
[Site "Mali Losinj"]
[Date "2019.09.21"]
[Round "4.10"]
[White "Opl, Klaus"]
[Black "Wegerer, Fred"]
[Result "0-1"]
[ECO "B40"]
[WhiteElo "2207"]
[BlackElo "2171"]
[Annotator "NA"]
[PlyCount "74"]
[EventDate "2019.09.18"]
[EventType "team-tourn"]
[EventCountry "CRO"]
[SourceTitle "playchess.com"]
[Source "ChessBase"]
[SourceQuality "1"]
[WhiteTeam "Austria"]
[BlackTeam "Austria"]
[WhiteTeamCountry "AUT"]
[BlackTeamCountry "AUT"]
[TimeControl "40/5400+30:1800+30"]

1. e4 c5 2. Nf3 e6 3. d4 cxd4 4. Nxd4 Nf6 5. Nc3 Nc6 6. Ndb5 Bc5 7. Be3 Bxe3 8. Nd6+ Ke7 9. fxe3 Qb6 10. Nc4 Qc5 11. Na4 Qg5 12. Qd6+ Kd8 13. Nc3 Ne8 14. Qf4 Qc5 15. e5 f6 16. exf6 gxf6 17. O-O-O Qg5 18. Qe4 Ke7 19. h4 Qg6 20. Qf3 d5 21. Rxd5 exd5 22. Nxd5+ Kf8 23. e4 Be6 24. Qa3+ Kg7 25. Nf4 Qh6 26. Qg3+ Kf7 27. Ne3 Rg8 28. Qf2 Nd6 29. Nxe6 Kxe6 30. Kb1 Ne5 31. Qd2 Rad8 32. Qc3 Rg3 33. Qb3+ Kd7 34. Bb5+ Kc8 35. Qe6+ Kb8 36. Rd1 Rxe3 37. a4 Qf8 0-1

[Event "ESTCC 50 2019"]
[Site "Mali Losinj"]
[Date "2019.09.21"]
[Round "4.11"]
[White "Kainz, Josef"]
[Black "Watzka, Horst"]
[Result "1/2-1/2"]
[ECO "A60"]
[WhiteElo "1922"]
[BlackElo "2187"]
[Annotator "NA"]
[PlyCount "26"]
[EventDate "2019.09.18"]
[EventType "team-tourn"]
[EventCountry "CRO"]
[SourceTitle "playchess.com"]
[Source "ChessBase"]
[SourceQuality "1"]
[WhiteTeam "Austria"]
[BlackTeam "Austria"]
[WhiteTeamCountry "AUT"]
[BlackTeamCountry "AUT"]
[TimeControl "40/5400+30:1800+30"]

1. d4 Nf6 2. c4 e6 3. g3 c5 4. d5 exd5 5. cxd5 d6 6. Bg2 g6 7. Nf3 Bg7 8. h4 Bg4 9. Nh2 Bc8 10. Nf3 Bg4 11. Nh2 Bc8 12. Nf3 Bg4 13. Nh2 Bc8 1/2-1/2

[Event "ESTCC 50 2019"]
[Site "Mali Losinj"]
[Date "2019.09.21"]
[Round "4.12"]
[White "Ernst, Michael"]
[Black "Detter, Peter"]
[Result "1/2-1/2"]
[ECO "A43"]
[WhiteElo "2199"]
[BlackElo "1982"]
[Annotator "NA"]
[PlyCount "61"]
[EventDate "2019.09.18"]
[EventType "team-tourn"]
[EventCountry "CRO"]
[SourceTitle "playchess.com"]
[Source "ChessBase"]
[SourceQuality "1"]
[WhiteTeam "Austria"]
[BlackTeam "Austria"]
[WhiteTeamCountry "AUT"]
[BlackTeamCountry "AUT"]
[TimeControl "40/5400+30:1800+30"]

1. d4 c5 2. d5 Nf6 3. Nc3 d6 4. e4 g6 5. Nf3 Bg7 6. Be2 O-O 7. O-O b6 8. h3 Ba6 9. a4 Bxe2 10. Qxe2 a6 11. Bf4 Nbd7 12. Rad1 Ne8 13. Rfe1 Ne5 14. Nd2 Nc7 15. Bg3 b5 16. f4 Nd7 17. axb5 axb5 18. Nxb5 Nxb5 19. Qxb5 Rb8 20. Qd3 Rxb2 21. Nc4 Rb4 22. e5 Nb6 23. Nxb6 Qxb6 24. Kh1 Rd4 25. Qe3 Rd8 26. c3 Rxd1 27. Rxd1 Qb3 28. Qd3 c4 29. Qd2 Ra8 30. Qe1 Qc2 31. Rc1 1/2-1/2